 Dungeon Crawl Stone Soup version 0.31-a0-152-g6aa68a64a1 (webtiles) character file.

Game seed: 17646987222198846207

354 IndexError the Magician (level 6, -3/20 (40) HPs)
             Began as a Djinni Conjurer on June 9, 2023.
             Slain by a phantom (6 damage)
             ... on level 4 of the Dungeon.
             The game lasted 00:04:04 (3900 turns).

IndexError the Magician (Djinni Conjurer)           Turns: 3900, Time: 00:04:04

HP:   -3/20 (40)    AC:  2    Str:  6    XL:     6   Next: 95%
Gold: 212           EV: 12    Int: 21    God:
                    SH:  0    Dex: 12

rFire   + + .        a - staff of cold {rC+}
rCold   . . .        (no shield)
rNeg    . . .        o - +0 robe
rPois   ∞            (no helmet)
rElec   .            (no cloak)
rCorr   .            (no gloves)
SInv    +            (boots unavailable)
Will    +....        (no amulet)
Stlth   ++           h - ring of see invisible {sInv, !d}
HPRegen 0.23/turn    j - ring of willpower
MPRegen 0.00/turn

%: infuse magic (-4 HP)
@: flying, extremely drained
A: sickness immunity, fire resistance 2, cold vulnerability 1, float, innate
caster, HP casting, extra vitality 1
a: no special abilities


You were on level 4 of the Dungeon.
You visited 2 branches of the dungeon, and saw 6 of its levels.

You collected 212 gold pieces.

Inventory:

Hand Weapons
 f - a +0 dagger
   (You took it off a goblin on level 1 of the Dungeon)
 q - a +2 dagger of flaming
   (You took it off Ijyb on level 3 of the Dungeon)
Armour
 o - a +0 robe (worn)
Magical Staves
 a - a staff of cold (weapon) {rC+}
   (You found it on level 5 of the Dungeon)
Jewellery
 h - a ring of see invisible (left hand) {sInv, !d}
   (You found it on level 1 of the Dungeon)
 j - a ring of willpower (right hand)
   (You found it on level 2 of the Dungeon)
Scrolls
 b - 5 scrolls of identify {unknown}
 g - a scroll of enchant armour {unknown}
 i - a scroll of fog {unknown}
 k - 2 scrolls of acquirement {unknown}
 l - 2 scrolls of immolation {unknown}
 m - 2 scrolls of amnesia {unknown}
 p - a scroll of fear {unknown}
 r - a scroll of blinking {unknown}
 s - a scroll of brand weapon {unknown}
Potions
 c - 5 potions of curing {unknown}
 d - 2 potions of brilliance {unknown}
 e - a potion of resistance {unknown}
 n - a potion of magic {unknown}


   Skills:
 - Level 2.1 Dodging
 - Level 1.5 Stealth
 + Level 6.0 Spellcasting
 + Level 6.0 Conjurations
 + Level 6.0 Hexes
   Level 0.0 Charms
 + Level 6.0 Summonings
 + Level 6.0 Necromancy
 + Level 6.0 Translocations
 + Level 6.0 Transmutations
 + Level 6.0 Fire Magic
 + Level 6.0 Ice Magic
 + Level 6.0 Air Magic
 + Level 6.0 Earth Magic
 + Level 6.0 Poison Magic


You knew the following spells:

 Your Spells              Type           Power      Damage    Failure   Level
a - Magic Dart            Conj           100%       1d8       1%          1
b - Searing Ray           Conj           62%        2d6       1%          2
c - Dazzling Flash        Conj/Hex       62%        N/A       2%          3
d - Fulminant Prism       Conj/Hex       15%        3d10      9%          4
e - Kiss of Death         Conj/Necr      100%       2d13      1%          1
f - Static Discharge      Conj/Air       62%        2-5/arc   1%          2
x - Iskenderun's Mystic   Conj/Tloc      31%        2d8       9%          4
Your spell library was empty.

Dungeon Overview and Level Annotations

Branches:
Dungeon (5/15)             Temple (1/1) D:4

Altars:
Cheibriados
Dithmenos
Fedhas
Hepliaklqana
Makhleb
Nemelex Xobeh
Okawaru
Qazlal
Ru
Trog
Zin
The Shining One

Shops:
D:3 ?


Innate Abilities, Weirdness & Mutations

You are immune to sickness and miasma.
You are immune to poison.
Your flesh is very heat resistant. (rF++)
You are vulnerable to cold. (rC-)
You float through the air rather than walking.
You learn spells naturally, not from books.
Your magical power is your life essence.
You have superior vitality. (+4 MHP)


Message History

Confirm with . or Enter, or press ? or * to list all spells.
Okay, then.
HP restored.
There is an open door here.
You see here a black bear corpse.
A sourceless malevolence fills the Dungeon... and a teleportation trap spontaneously manifests!
You are yanked towards a nearby monster!
Your surroundings suddenly seem different.
A hobgoblin comes into view.
Health restored: 20 The magic dart hits the hobgoblin but does no damage.
The hobgoblin shouts!
The magic dart hits the hobgoblin.
You take 1 damage, and have 19/20 hp.
The magic dart hits the hobgoblin.
Your Spellcasting skill increases to level 6!
Your Conjurations skill increases to level 6!
Your Hexes skill increases to level 6!
Your Summonings skill increases to level 6!
Your Necromancy skill increases to level 6!
Your Translocations skill increases to level 6!
Your Transmutations skill increases to level 6!
Your Fire Magic skill increases to level 6!
Your Ice Magic skill increases to level 6!
Your Air Magic skill increases to level 6!
Your Earth Magic skill increases to level 6!
Your Poison Magic skill increases to level 6!
You take 1 damage, and have 18/20 hp.
You can't see any susceptible monsters within range! (Use Z to cast anyway.)
You now have 197 gold pieces (gained 17).
You see here a hobgoblin corpse.
You now have 212 gold pieces (gained 15).
You see here a +0 sling.
There is a fountain of sparkling water here.
There is an open door here.
As you open the door, it creaks loudly!
There is an open door here.
A worm comes into view.
Health restored: 20 A worm is nearby!
A worm is nearby!
The magic dart hits the worm but does no damage.
The magic dart hits the worm.
You take 1 damage, and have 19/20 hp.
The magic dart hits the worm but does no damage.
You take 1 damage, and have 18/20 hp.
The magic dart hits the worm.
You take 1 damage, and have 17/20 hp.
The magic dart hits the worm!
The magic dart hits the worm.
You take 1 damage, and have 16/20 hp.
You can't see any susceptible monsters within range! (Use Z to cast anyway.)
An endoplasm comes into view.
Health restored: 20 An endoplasm is nearby!
An endoplasm is nearby!
The magic dart hits the endoplasm.
The endoplasm quivers.
You take 1 damage, and have 19/20 hp.
The magic dart hits the endoplasm!
You take 1 damage, and have 18/20 hp.
You can't see any susceptible monsters within range! (Use Z to cast anyway.)
A phantom comes into view.
Health restored: 20 A phantom is nearby!
The magic dart hits the phantom but does no damage.
You take 1 damage, and have 19/20 hp.
The magic dart hits the phantom.
Casting: Magic Dart (safe; 1% risk of failure)
Confirm with . or Enter, or press ? or * to list all spells.
You can't see any susceptible monsters within range! (Use Z to cast anyway.) Unknown command.
Casting: Magic Dart (safe; 1% risk of failure)
Confirm with . or Enter, or press ? or * to list all spells.
Aiming: Searing Ray (safe; 1% risk of failure)
Press: ? - help, Shift-Dir - straight line, f/p - phantom
Aim: a phantom (moderately damaged, 71% to hit)
The searing ray hits the phantom! (Press . to maintain the ray.)
The phantom closely misses you.
You take 2 damage, and have 17/20 hp.
The searing ray misses the phantom.
The phantom hits you.
You take 5 damage, and have 12/20 hp.
MASSIVE DAMAGE!!
The searing ray hits the phantom!
The phantom hits you.
The phantom blinks!
You blink.
You take 2 damage, and have 10/20 hp.
The phantom hits you.
* * * LOW HITPOINT WARNING * * *
The phantom blinks!
You blink.
You take 6 damage, and have 4/20 hp.
MASSIVE DAMAGE!!
Casting: Searing Ray (safe; 1% risk of failure)
Confirm with . or Enter, or press ? or * to list all spells.
Aiming: Searing Ray (safe; 1% risk of failure)
Press: ? - help, Shift-Dir - straight line, f/p - phantom
Aim: a phantom (severely damaged, 71% to hit)
The searing ray hits the phantom. (Press . to maintain the ray.)
* * * LOW HITPOINT WARNING * * *
The phantom hits you.
You die...

#.....#
#+#
#§#...#
#.#####
#..##
##.§.##
##
#.......+
+.
##.?.####
##
#####..##
#.....@.#
#.###.#W#
#.. .#
#.# .# #.
.. ## ..
.. # ) ##
#.# ...##
# ..
......##
.......†


You could see a phantom.

Vanquished Creatures
  A black bear (D:4)
  A scorpion (D:4)
  A hound (D:5)
  Ijyb (D:3)
  An iguana (D:5)
  A gnoll (D:1)
  3 adders
  A shadow imp (D:5)
  A white imp (D:5)
  2 worms
  2 dart slugs
  2 orcs
  8 endoplasms
  2 giant cockroaches
  5 hobgoblins
  2 quokkas
  5 ball pythons
  2 bats
  3 frilled lizards (D:1)
  7 goblins
  8 kobolds
  4 rats (D:1)
63 creatures vanquished.

Notes
Turn   | Place    | Note
-------+----------+-------------------------------------------
     0 | D:1      | IndexError the Djinni Conjurer began the quest for the Orb.
     0 | D:1      | IndexError set off with the following spells memorised:
                  | Magic Dart, Searing Ray, Dazzling Flash, Fulminant Prism,
                  | Iskenderun's Mystic Blast.
     0 | D:1      | Reached XP level 1. HP: 15/15 MP: 0/0
   248 | D:1      | Reached XP level 2. HP: 20/21 MP: 0/0
   313 | D:1      | Found a faded altar of an unknown god.
   728 | D:1      | Reached skill level 4 in Spellcasting
   728 | D:1      | Reached skill level 4 in Conjurations
   728 | D:1      | Reached skill level 4 in Hexes
   728 | D:1      | Reached skill level 4 in Summonings
   728 | D:1      | Reached skill level 4 in Necromancy
   728 | D:1      | Reached skill level 4 in Translocations
   728 | D:1      | Reached skill level 4 in Transmutations
   728 | D:1      | Reached skill level 4 in Fire Magic
   728 | D:1      | Reached skill level 4 in Ice Magic
   728 | D:1      | Reached skill level 4 in Air Magic
   728 | D:1      | Reached skill level 4 in Earth Magic
   728 | D:1      | Reached skill level 4 in Poison Magic
   728 | D:1      | Reached XP level 3. HP: 6/25 MP: 0/0
   728 | D:1      | Learned a level 1 spell: Kiss of Death
  1347 | D:2      | Reached XP level 4. HP: 30/31 MP: 0/0
  1876 | D:3      | You are sucked into a shaft and drop 2 floors!
  1876 | D:5      | Entered Level 5 of the Dungeon
  2020 | D:5      | Reached XP level 5. HP: 31/35 MP: 0/0
  2020 | D:5      | Learned a level 2 spell: Static Discharge
  2079 | D:5      | Reached skill level 5 in Spellcasting
  2079 | D:5      | Reached skill level 5 in Conjurations
  2079 | D:5      | Reached skill level 5 in Hexes
  2079 | D:5      | Reached skill level 5 in Summonings
  2079 | D:5      | Reached skill level 5 in Necromancy
  2079 | D:5      | Reached skill level 5 in Translocations
  2079 | D:5      | Reached skill level 5 in Transmutations
  2079 | D:5      | Reached skill level 5 in Fire Magic
  2079 | D:5      | Reached skill level 5 in Ice Magic
  2079 | D:5      | Reached skill level 5 in Air Magic
  2079 | D:5      | Reached skill level 5 in Earth Magic
  2079 | D:5      | Reached skill level 5 in Poison Magic
  2652 | D:3      | Found The Oracle's Delphic Readings.
  2753 | D:3      | Noticed Ijyb
  2843 | D:3      | Killed Ijyb
  2844 | D:3      | Reached XP level 6. HP: 20/32 MP: 0/0
  3007 | D:3      | Found a glowing golden altar of the Shining One.
  3380 | D:4      | Found a staircase to the Ecumenical Temple.
  3479 | Temple   | Entered the Ecumenical Temple
  3568 | D:4      | Found a sparkling altar of Nemelex Xobeh.
  3592 | D:4      | Noticed a black bear
  3596 | D:4      | Killed a black bear
  3655 | D:4      | Reached skill level 6 in Spellcasting
  3655 | D:4      | Reached skill level 6 in Conjurations
  3655 | D:4      | Reached skill level 6 in Hexes
  3655 | D:4      | Reached skill level 6 in Summonings
  3655 | D:4      | Reached skill level 6 in Necromancy
  3655 | D:4      | Reached skill level 6 in Translocations
  3655 | D:4      | Reached skill level 6 in Transmutations
  3655 | D:4      | Reached skill level 6 in Fire Magic
  3655 | D:4      | Reached skill level 6 in Ice Magic
  3655 | D:4      | Reached skill level 6 in Air Magic
  3655 | D:4      | Reached skill level 6 in Earth Magic
  3655 | D:4      | Reached skill level 6 in Poison Magic
  3899 | D:4      | HP: 4/20 [phantom (6)]
  3900 | D:4      | Slain by a phantom

Illustrated notes

Levels and vault maps discovered:
D:1:      tekkud_arrival_beachfront_property, layout_loops_corners,
          ebering_ecumenical_altar_box, roderic_lattice_a
D:2:      layout_rooms
D:3:      layout_loops_ring, mainiacjoe_overflow_small_starburst,
          nicolae_nh_oracle_at_delphi, uniq_ijyb
D:4:      layout_loops_corners, nemelex_xobeh_ov_fountains_minmay, temple_green
D:5:      layout_layer_cave, minmay_crystal_room, uniq_grinder, uniq_sigmund,
          uniq_prince_ribbit1, uniq_eustachio
Temple:   nicolae_temple_ecumenical_triangle

Skill      XL: |  1  2  3  4  5  6 |
---------------+-------------------+-----
Spellcasting   | 4 5 6 |  6.0
Conjurations   | 4 5 6 |  6.0
Hexes          | 4 5 6 |  6.0
Summonings     | 4 5 6 |  6.0
Necromancy     | 4 5 6 |  6.0
Translocations | 4 5 6 |  6.0
Transmutations | 4 5 6 |  6.0
Fire Magic     | 4 5 6 |  6.0
Ice Magic      | 4 5 6 |  6.0
Air Magic      | 4 5 6 |  6.0
Earth Magic    | 4 5 6 |  6.0
Poison Magic   | 4 5 6 |  6.0
Dodging        | |  2.1
Stealth        | |  1.5

Action                     |  1- 3 |  4- 6 || total
---------------------------+-------+-------++-------
  Melee: Staff             |       |     1 ||     1
   Cast: Magic Dart        |    59 |    66 ||   125
         Searing Ray       |     1 |    14 ||    15
         Kiss of Death     |       |     7 ||     7
 Armour: Robe              |       |     2 ||     2
  Dodge: Dodged            |     3 |     6 ||     9

Table legend: (Time is in decaauts)
 A = Elapsed time spent in this place.
 B = Non-inter-level travel time spent in this place.
 C = Inter-level travel time spent in this place.
 D = Time resting spent in this place.
 E = Time spent auto-exploring this place.
 F = Levels seen in this place.
 G = Mean time per level.
                   A        B        C        D        E       F      G
               +--------+--------+--------+--------+--------+-----+--------+
         Total |   3901 |   3609 |    292 |    103 |   3154 |   6 |  650.2 |
       Dungeon |   3861 |   3574 |    287 |    103 |   3125 |   5 |  772.2 |
        Temple |     39 |     34 |      5 |      0 |     29 |   1 |   39.0 |
               +--------+--------+--------+--------+--------+-----+--------+

Top non-repeatable levels by time:
     D:1: 1163 daAuts
     D:3: 905 daAuts
     D:4: 729 daAuts
     D:2: 695 daAuts
     D:5: 368 daAuts
  Temple: 39 daAuts

Levels and vault maps discovered:
D:1:      tekkud_arrival_beachfront_property, layout_loops_corners,
          ebering_ecumenical_altar_box, roderic_lattice_a
D:2:      layout_rooms
D:3:      layout_loops_ring, mainiacjoe_overflow_small_starburst,
          nicolae_nh_oracle_at_delphi, uniq_ijyb
D:4:      layout_loops_corners, nemelex_xobeh_ov_fountains_minmay, temple_green
D:5:      layout_layer_cave, minmay_crystal_room, uniq_grinder, uniq_sigmund,
          uniq_prince_ribbit1, uniq_eustachio
Temple:   nicolae_temple_ecumenical_triangle

Table legend: (Time is in decaauts)
 A = Elapsed time spent in this place.
 B = Non-inter-level travel time spent in this place.
 C = Inter-level travel time spent in this place.
 D = Time resting spent in this place.
 E = Time spent auto-exploring this place.
 F = Levels seen in this place.
 G = Mean time per level.
                   A        B        C        D        E       F      G
               +--------+--------+--------+--------+--------+-----+--------+
         Total |   3901 |   3609 |    292 |    103 |   3154 |   6 |  650.2 |
       Dungeon |   3861 |   3574 |    287 |    103 |   3125 |   5 |  772.2 |
        Temple |     39 |     34 |      5 |      0 |     29 |   1 |   39.0 |
               +--------+--------+--------+--------+--------+-----+--------+

Top non-repeatable levels by time:
     D:1: 1163 daAuts
     D:3: 905 daAuts
     D:4: 729 daAuts
     D:2: 695 daAuts
     D:5: 368 daAuts
  Temple: 39 daAuts

Table legend:
 A = Kills in this place as a percentage of kills in the entire game.
 B = Kills by you in this place as a percentage of kills by you in the entire game.
 C = Kills by friends in this place as a percentage of kills by friends in the entire game.
 D = Other kills in this place as a percentage of other kills in the entire game.
 E = Experience gained in this place as a percentage of experience gained in the entire game.
 F = Experience gained in this place divided by the number of levels of this place that you have seen.
                   A       B       C       D       E      F
               +-------+-------+-------+-------+-------+----------------------
         Total | 100.0 | 100.0 |   N/A |   N/A | 100.0 |  84.5
       Dungeon | 100.0 | 100.0 |   N/A |   N/A | 100.0 | 101.4
               +-------+-------+-------+-------+-------+----------------------
